 Dungeon Crawl Stone Soup version 0.30-a0-591-g3c58d2bc28 (webtiles) character file.

Game seed: 14831047038292204477

8 Shayle the Conjurer (level 2, 10/22 HPs)
             Began as a Demonspawn Reaver on Jan 5, 2023.
             Quit the game on level 1 of the Dungeon.
             The game lasted 00:00:51 (328 turns).

Shayle the Conjurer (Demonspawn Reaver)              Turns: 328, Time: 00:00:51

Health: 10/22      AC:  3    Str: 12    XL:     2   Next: 0%
Magic:  5/5        EV: 11    Int: 14    God:
Gold:   12         SH:  3    Dex: 11    Spells: 4/5 levels left

rFire   . . .      SeeInvis .    a - +0 spear
rCold   . . .      Faith    .    e - +0 buckler
rNeg    . . .      Spirit   .    b - +0 leather armour
rPois   .          Reflect  .    (no helmet)
rElec   .          Harm     .    (no cloak)
rCorr   .          Rampage  .    (no gloves)
Will    .....                    (no boots)
Stlth   +                        (no amulet)
HPRegen 0.23/turn                (no ring)
MPRegen 0.09/turn                (no ring)

@: no status effects
A: claws 1
a: no special abilities


You were on level 1 of the Dungeon.
You visited 1 branch of the dungeon, and saw 1 of its levels.

You collected 12 gold pieces.

Inventory:

Hand Weapons
 a - a +0 spear (weapon)
Armour
 b - a +0 leather armour (worn)
 e - a +0 buckler (worn)
Scrolls
 c - a scroll of vulnerability {unknown}
Potions
 d - a potion of haste {unknown}


   Skills:
 + Level 2.2 Fighting
 - Level 2.6 Polearms
 + Level 2.0 Dodging
 - Level 2.0 Spellcasting
 - Level 3.0 Conjurations
 + Level 0.7 Necromancy
 + Level 0.4 Earth Magic


You had 4 spell levels left.
You knew the following spells:

 Your Spells              Type           Power      Damage    Failure   Level
a - Kiss of Death         Conj/Necr      24%        2d7       21%         1

Your spell library contained the following spells:

 Spells                   Type           Power      Damage    Failure   Level
 Momentum Strike          Conj/Tloc      10%        3d8       34%         2
 Hailstorm                Conj/Ice       5%         3d4       56%         3


Dungeon Overview and Level Annotations

Branches:
Dungeon (1/15)

Altars:

Shops:
D:1 !


Innate Abilities, Weirdness & Mutations

You have sharp fingernails.


Message History

The bat closely misses you.
You miss the bat. The bat closely misses you.
You hit the bat.
You kill the bat!
You see here a bat corpse.
You see here a quokka skeleton.
An endoplasm comes into view.
Found Zapamm's Distillery.
The endoplasm quivers.
You hit the endoplasm.
The endoplasm is severely wounded.
The endoplasm freezes you.
You are frozen.
You hit the endoplasm but do no damage.
The endoplasm is severely wounded.
The endoplasm barely misses you.
You hit the endoplasm but do no damage.
The endoplasm is severely wounded.
The endoplasm freezes you.
You are frozen.
You hit the endoplasm.
The endoplasm is almost dead.
The endoplasm hits you but does no damage.
You hit the endoplasm.
You kill the endoplasm!
A kobold comes into view. It is wielding a +0 short sword.
Found a quarterstaff.
The kobold throws a stone.
The stone hits you.
You start resting.
A kobold is nearby!
You hit the kobold.
You kill the kobold!
Your Dodging skill increases to level 2!
You have reached level 2!
Your demonic ancestry asserts itself...
Your fingernails lengthen.
Things that are here:
a +0 short sword; 4 stones; a kobold corpse
There is an entrance to Zapamm's Distillery here.
Unknown command.
Are you sure you want to abandon this character and quit the game? (Confirm with "yes".)

#.#§§....≈##..#
#.+.≈≈≈§≈[+...#
###≈≈≈§§≈≈###.#
####.#### #.#
#.######.###
#........#..
########.#.#
#.#)♣## #.♣.@.♣
#.#.♣.# #.)...#
#.....# #....##
#...## #..##
#..# #..#


There were no monsters in sight!

Vanquished Creatures
  An endoplasm (D:1)
  A goblin (D:1)
  A hobgoblin (D:1)
  A quokka (D:1)
  A ball python (D:1)
  2 bats (D:1)
  A kobold (D:1)
8 creatures vanquished.

Notes
Turn   | Place    | Note
-------+----------+-------------------------------------------
     0 | D:1      | Shayle the Demonspawn Reaver began the quest for the Orb.
     0 | D:1      | Reached XP level 1. HP: 16/16 MP: 3/3
   312 | D:1      | Found Zapamm's Distillery.
   325 | D:1      | Gained mutation: You have sharp fingernails. [demonic
                  | ancestry]
   325 | D:1      | Reached XP level 2. HP: 10/22 MP: 5/5
   328 | D:1      | Quit the game

Illustrated notes

Levels and vault maps discovered:
D:1:      ncdulo_lavacross, layout_loops_ring, serial_shops, nicolae_shop_trees,
          serial_park_tiny_2

Skill      XL: |  1 |
---------------+----+-----
Dodging        | 2 |  2.0
Fighting       | |  2.2
Polearms       | |  2.6
Spellcasting   | |  2.0
Conjurations   | |  3.0
Necromancy     | |  0.7
Earth Magic    | |  0.4

Action                   || total
-------------------------++-------
Melee: Spear             ||    28
       Punch             ||     1
Armor: Leather armour    ||     4
Dodge: Dodged            ||    11

Table legend: (Time is in decaauts)
 A = Elapsed time spent in this place.
 B = Non-inter-level travel time spent in this place.
 C = Inter-level travel time spent in this place.
 D = Time resting spent in this place.
 E = Time spent auto-exploring this place.
 F = Levels seen in this place.
 G = Mean time per level.
                   A        B        C        D        E       F      G
               +--------+--------+--------+--------+--------+-----+--------+
         Total |    327 |    327 |      0 |      5 |    244 |   1 |  327.0 |
       Dungeon |    327 |    327 |      0 |      5 |    244 |   1 |  327.0 |
               +--------+--------+--------+--------+--------+-----+--------+

Top non-repeatable levels by time:
     D:1: 327 daAuts
